PAA
MINNESOTA LOONS @ ATLANTIC CITY SONICS
09/06/2038
 
TOP OF THE 1ST
Minnesota Loons batting - Pitching for Atlantic City Sonics : RHP Abakada Mana
Pitching: RHP Abakada Mana
Batting: SHB Milojica Kordic 0-0: Ball
1-0: Foul Ball, location: 2F
1-1: Swinging Strike
1-2: Strikes out swinging
Batting: RHB Yoshiki Ito 0-0: Ball
1-0: Ball
2-0: Called Strike
2-1: Called Strike
2-2: Ground out 6-3 (Groundball, 6, EV 101.2 MPH)
Batting: LHB Cameron Woolever 0-0: Called Strike
0-1: Ball
1-1: Foul Ball, location: 2F
1-2: SINGLE (Line Drive, 9S, EV 95.0 MPH)
Batting: LHB Tom Holbert 0-0: Ball
1-0: Ball
2-0: Ball
3-0: Called Strike
3-1: Swinging Strike
3-2: SINGLE (Groundball, 56D, EV 108.1 MPH)
Cameron Woolever to second
Cameron Woolever to third
Batting: RHB Igme Samson 0-0: Called Strike
0-1: Foul Ball, location: 2F
0-2: Strikes out looking
Top of the 1st over - 0 runs, 2 hits, 0 errors, 2 left on base; Minnesota 0 - Atlantic City 0
BOTTOM OF THE 1ST
Atlantic City Sonics batting - Pitching for Minnesota Loons : RHP Melchor Morse
Pitching: RHP Melchor Morse
Batting: SHB John Clements 0-0: Called Strike
0-1: Ball
1-1: Foul Ball, location: 2F
1-2: Fly out, F8 (Flyball, 8LD, EV 90.0 MPH)
Batting: RHB Luis Rodríguez 0-0: SINGLE (Groundball, 4MD, EV 102.5 MPH)
Batting: LHB Ricardo Yates 0-0: SINGLE (Line Drive, 9S, EV 93.8 MPH)
Luis Rodríguez to second
Runner from 2nd tries for 3rd, SAFE, no throw by RF
Batting: LHB Manuel Gonzáles 0-0: Ball
1-0: Swinging Strike
1-1: Ball
2-1: Called Strike
2-2: Ball
3-2: Base on Balls
Ricardo Yates to second
Batting: LHB Ken Norris 0-0: Foul Ball, location: 2F
0-1: Foul Ball, location: 2F
0-2: Foul Ball, location: 2F
0-2: Fielders Choice at 2nd, 4-6 (Groundball, 4, EV 81.9 MPH)
Luis Rodríguez scores
Ricardo Yates to third
Batting: RHB Gary Jenkins 0-0: Ball
1-0: Called Strike
1-1: SINGLE (Line Drive, 4MD, EV 99.4 MPH)
Ricardo Yates scores
Ken Norris to second
Runner from 2nd tries for 3rd, SAFE, throw by CF made to third
Batting: SHB Raoul de Gilde 0-0: Ball
1-0: Foul Ball, location: 2F
1-1: Foul Ball, location: 2F
1-2: Ground out 6-3 (Groundball, 6S, EV 75.0 MPH)
Bottom of the 1st over - 2 runs, 3 hits, 0 errors, 2 left on base; Minnesota 0 - Atlantic City 2
TOP OF THE 2ND
Minnesota Loons batting - Pitching for Atlantic City Sonics : RHP Abakada Mana
Batting: RHB David Stone 0-0: Foul Ball, location: 2F
0-1: Ball
1-1: Ball
2-1: Ball
3-1: Base on Balls
Batting: RHB Javier Vázquez 0-0: Ball
1-0: Ball
2-0: Ball
3-0: Base on Balls
David Stone to second
Batting: RHB Alejandro Blasco 0-0: SINGLE (Line Drive, 8LS, EV 98.8 MPH)
David Stone to third
Javier Vázquez to second
Batting: RHB William Morgan 0-0: Ball
1-0: Ball
2-0: Called Strike
2-1: Foul Ball, location: 2F
2-2: Strikes out swinging
Batting: SHB Milojica Kordic 0-0: Called Strike
0-1: Grounds into double play, 3-6-3 (Groundball, 3, EV 110.6 MPH)
Top of the 2nd over - 0 runs, 1 hit, 0 errors, 2 left on base; Minnesota 0 - Atlantic City 2
BOTTOM OF THE 2ND
Atlantic City Sonics batting - Pitching for Minnesota Loons : RHP Melchor Morse
Batting: RHB Sergio Zacagnini 0-0: Ball
1-0: Ball
2-0: Fly out, F6 (Popup, 6M, EV 53.1 MPH)
Batting: RHB Claxton Derringer 0-0: Foul Ball, location: 2F
0-1: Ball
1-1: Foul Ball, location: 2F
1-2: Ball
2-2: Ball
3-2: Fly out, F8 (Flyball, 8LD, EV 97.5 MPH)
Batting: SHB John Clements 0-0: SINGLE (Popup, 6D, EV 45.0 MPH)
Batting: RHB Luis Rodríguez 0-0: Ball
1-0: Called Strike
1-1: Ground out 4-3 (Groundball, 4, EV 81.9 MPH)
Bottom of the 2nd over - 0 runs, 1 hit, 0 errors, 1 left on base; Minnesota 0 - Atlantic City 2
TOP OF THE 3RD
Minnesota Loons batting - Pitching for Atlantic City Sonics : RHP Abakada Mana
Batting: RHB Yoshiki Ito 0-0: Ground out 6-3 (Groundball, 6, EV 96.9 MPH)
Batting: LHB Cameron Woolever 0-0: Ball
1-0: Called Strike
1-1: Fly out, F7 (Flyball, 7S, EV 86.2 MPH)
Batting: LHB Tom Holbert 0-0: Ball
1-0: Foul Ball, location: 2F
1-1: Fly out, F8 (Flyball, 8RM, EV 91.2 MPH)
Top of the 3rd over - 0 runs, 0 hits, 0 errors, 0 left on base; Minnesota 0 - Atlantic City 2
BOTTOM OF THE 3RD
Atlantic City Sonics batting - Pitching for Minnesota Loons : RHP Melchor Morse
Batting: LHB Ricardo Yates 0-0: Ball
1-0: Fly out, F9 (Flyball, 9S, EV 84.4 MPH)
Batting: LHB Manuel Gonzáles 0-0: Ball
1-0: Ball
2-0: Ball
3-0: Base on Balls
Batting: LHB Ken Norris 0-0: Ball
1-0: Fly out, F8 (Flyball, 78M, EV 75.6 MPH)
Batting: RHB Gary Jenkins 0-0: Swinging Strike
0-1: SINGLE (Groundball, 5D, EV 106.9 MPH)
Manuel Gonzáles to second
Batting: SHB Raoul de Gilde 0-0: Called Strike
0-1: Ball
1-1: Called Strike
1-2: Ball
2-2: Fielders Choice at 2nd, 6-4 (Groundball, 6, EV 87.5 MPH)
Bottom of the 3rd over - 0 runs, 1 hit, 0 errors, 2 left on base; Minnesota 0 - Atlantic City 2
TOP OF THE 4TH
Minnesota Loons batting - Pitching for Atlantic City Sonics : RHP Abakada Mana
Batting: RHB Igme Samson 0-0: Foul Ball, location: 2F
0-1: Ball
1-1: Ground out 4-3 (Groundball, 4, EV 100.6 MPH)
Batting: RHB David Stone 0-0: Called Strike
0-1: Ball
1-1: Ball
2-1: SINGLE (Groundball, 4MD, EV 103.8 MPH)
Batting: RHB Javier Vázquez 0-0: Swinging Strike
0-1: Ball
1-1: Called Strike
1-2: Foul Ball, location: 2F
1-2: Ball
2-2: Foul Ball, location: 2F
2-2: Foul Ball, location: 2F
2-2: Strikes out looking
Batting: RHB Alejandro Blasco 0-0: Called Strike
0-1: Ball
1-1: Called Strike
1-2: Fielders Choice at 2nd, 6-4 (Groundball, 6, EV 88.8 MPH)
Top of the 4th over - 0 runs, 1 hit, 0 errors, 1 left on base; Minnesota 0 - Atlantic City 2
BOTTOM OF THE 4TH
Atlantic City Sonics batting - Pitching for Minnesota Loons : RHP Melchor Morse
Batting: RHB Sergio Zacagnini 0-0: Foul Ball, location: 2F
0-1: Ball
1-1: Ball
2-1: Called Strike
2-2: SINGLE (Groundball, 56D, EV 97.5 MPH)
Batting: RHB Claxton Derringer 0-0: Ball
1-0: Swinging Strike
1-1: Swinging Strike
1-2: Strikes out looking
Batting: SHB John Clements 0-0: Called Strike
0-1: Called Strike
0-2: Ball
1-2: Fly out, F7 (Line Drive, 7, EV 90.0 MPH)
Batting: RHB Luis Rodríguez 0-0: Called Strike
0-1: Ground out U3 (Groundball, 34, EV 88.1 MPH)
Bottom of the 4th over - 0 runs, 1 hit, 0 errors, 1 left on base; Minnesota 0 - Atlantic City 2
TOP OF THE 5TH
Minnesota Loons batting - Pitching for Atlantic City Sonics : RHP Abakada Mana
Batting: RHB William Morgan 0-0: Ground out 6-3 (Groundball, 6, EV 92.5 MPH)
Batting: SHB Milojica Kordic 0-0: Foul Ball, location: 2F
0-1: Foul Ball, location: 2F
0-2: Ball
1-2: Ground out 4-3 (Groundball, 34, EV 103.8 MPH)
Batting: RHB Yoshiki Ito 0-0: Swinging Strike
0-1: Called Strike
0-2: Foul Ball, location: 2F
0-2: Ball
1-2: Fly out, F7 (Flyball, 7S, EV 85.0 MPH)
Top of the 5th over - 0 runs, 0 hits, 0 errors, 0 left on base; Minnesota 0 - Atlantic City 2
BOTTOM OF THE 5TH
Atlantic City Sonics batting - Pitching for Minnesota Loons : RHP Melchor Morse
Batting: LHB Ricardo Yates 0-0: Swinging Strike
0-1: Hit by Pitch
Batting: LHB Manuel Gonzáles 0-0: Ball
1-0: Called Strike
1-1: Ball
2-1: Fly out, F7 (Flyball, 7LSF, EV 93.8 MPH)
Batting: LHB Ken Norris 0-0: Ball
1-0: Called Strike
1-1: Grounds into double play, 1-6-3 (Groundball, 13, EV 90.0 MPH)
Bottom of the 5th over - 0 runs, 0 hits, 0 errors, 0 left on base; Minnesota 0 - Atlantic City 2
TOP OF THE 6TH
Minnesota Loons batting - Pitching for Atlantic City Sonics : RHP Abakada Mana
Batting: LHB Cameron Woolever 0-0: Foul Ball, location: 2F
0-1: Swinging Strike
0-2: Strikes out looking
Batting: LHB Tom Holbert 0-0: Ball
1-0: Ball
2-0: Ball
3-0: Base on Balls
Batting: RHB Igme Samson 0-0: Called Strike
0-1: Foul Ball, location: 2F
0-2: Ball
1-2: Ball
2-2: Ball
3-2: Foul Ball, location: 2F
3-2: Foul Ball, location: 2F
3-2: SINGLE (Line Drive, 8LS, EV 105.6 MPH)
Tom Holbert to second
Batting: RHB David Stone 0-0: Called Strike
0-1: Ball
1-1: Ball
2-1: Foul Ball, location: 2F
2-2: Fly out, F6 (Popup, 6M, EV 52.5 MPH)
Batting: RHB Javier Vázquez 0-0: Ball
1-0: Called Strike
1-1: Foul Ball, location: 2F
1-2: Foul Ball, location: 2F
1-2: Foul Ball, location: 2F
1-2: Fielders Choice at 2nd, 6-4 (Groundball, 6, EV 100.6 MPH)
Top of the 6th over - 0 runs, 1 hit, 0 errors, 2 left on base; Minnesota 0 - Atlantic City 2
BOTTOM OF THE 6TH
Atlantic City Sonics batting - Pitching for Minnesota Loons : RHP Melchor Morse
Batting: RHB Gary Jenkins 0-0: Ball
1-0: Called Strike
1-1: Ground out 6-3 (Groundball, 6, EV 104.4 MPH)
Batting: SHB Raoul de Gilde 0-0: Ball
1-0: Ball
2-0: SINGLE (Line Drive, 8LS, EV 93.8 MPH)
Batting: RHB Sergio Zacagnini 0-0: DOUBLE (Groundball, 5L, EV 101.2 MPH)
Raoul de Gilde to third
Batting: RHB Claxton Derringer 0-0: Ball
1-0: Ball
2-0: Called Strike
2-1: Fly out, F8 (Flyball, 78M, EV 83.1 MPH)
Batting: SHB John Clements 0-0: Ball
Wild Pitch!
Raoul de Gilde scores
Sergio Zacagnini to third
1-0: Called Strike
1-1: Foul Ball, location: 2F
1-2: Fly out, F7 (Flyball, 7S, EV 91.9 MPH)
Bottom of the 6th over - 1 run, 2 hits, 0 errors, 1 left on base; Minnesota 0 - Atlantic City 3
TOP OF THE 7TH
Minnesota Loons batting - Pitching for Atlantic City Sonics : RHP Abakada Mana
Batting: RHB Alejandro Blasco 0-0: Ball
1-0: Foul Ball, location: 2F
1-1: Fly out, F9 (Flyball, 89M, EV 85.6 MPH)
Pitching: LHP José González
Batting: RHB William Morgan 0-0: Ball
1-0: Called Strike
1-1: Swinging Strike
1-2: Foul Ball, location: 2F
1-2: Ball
2-2: Strikes out looking
Batting: SHB Milojica Kordic 0-0: Swinging Strike
0-1: Ball
1-1: Ball
2-1: Ground out 6-3 (Groundball, 6, EV 88.8 MPH)
Top of the 7th over - 0 runs, 0 hits, 0 errors, 0 left on base; Minnesota 0 - Atlantic City 3
BOTTOM OF THE 7TH
Atlantic City Sonics batting - Pitching for Minnesota Loons : RHP Melchor Morse
Batting: RHB Luis Rodríguez 0-0: Ground out 4-3 (Groundball, 4M, EV 77.5 MPH)
Batting: LHB Ricardo Yates 0-0: SINGLE (Groundball, 25, EV 72.5 MPH) (infield hit)
Pitching: LHP Ricardo Ramírez
Batting: LHB Manuel Gonzáles 0-0: Ball
1-0: Ball
2-0: Ball
3-0: Base on Balls
Ricardo Yates to second
Batting: LHB Ken Norris 0-0: Ball
1-0: Called Strike
1-1: Ball
2-1: 3-RUN HOME RUN (Line Drive, 89XD, EV 102.5 MPH), Distance : 411 ft
Batting: RHB Gary Jenkins 0-0: Ground out 5-3 (Groundball, 56, EV 108.8 MPH)
Batting: SHB Raoul de Gilde 0-0: Ground out 4-3 (Groundball, 34, EV 101.9 MPH)
Bottom of the 7th over - 3 runs, 2 hits, 0 errors, 0 left on base; Minnesota 0 - Atlantic City 6
TOP OF THE 8TH
Minnesota Loons batting - Pitching for Atlantic City Sonics : LHP José González
Batting: RHB Yoshiki Ito 0-0: Ball
1-0: Ball
2-0: Hit by Pitch
Batting: LHB Cameron Woolever 0-0: Swinging Strike
0-1: Ball
1-1: Called Strike
1-2: Strikes out swinging
Batting: LHB Tom Holbert 0-0: Called Strike
0-1: Ball
1-1: Foul Ball, location: 2F
1-2: Strikes out looking
Batting: RHB Igme Samson 0-0: Ball
1-0: Fielders Choice at 2nd, 5-4 (Groundball, 5, EV 88.1 MPH)
Top of the 8th over - 0 runs, 0 hits, 0 errors, 1 left on base; Minnesota 0 - Atlantic City 6
BOTTOM OF THE 8TH
Atlantic City Sonics batting - Pitching for Minnesota Loons : LHP Ricardo Ramírez
Batting: RHB Sergio Zacagnini 0-0: Ball
1-0: Foul Ball, location: 2F
1-1: Fly out, F8 (Line Drive, 8LD, EV 95.0 MPH)
Batting: RHB Claxton Derringer 0-0: Ball
1-0: Ball
2-0: Called Strike
2-1: Ball
3-1: Base on Balls
Batting: SHB John Clements 0-0: Ball
1-0: Fielders Choice at 2nd, 5-4 (Groundball, 56, EV 104.4 MPH)
Batting: RHB Luis Rodríguez 0-0: Ball
1-0: Called Strike
1-1: Swinging Strike
1-2: Foul Ball, location: 2F
1-2: Ball
2-2: Fielders Choice at 2nd, U6 (Groundball, 6M, EV 110.0 MPH)
Bottom of the 8th over - 0 runs, 0 hits, 0 errors, 1 left on base; Minnesota 0 - Atlantic City 6
TOP OF THE 9TH
Minnesota Loons batting - Pitching for Atlantic City Sonics : LHP José González
Batting: RHB David Stone 0-0: Called Strike
0-1: Ground out 4-3 (Groundball, 4M, EV 81.2 MPH)
Batting: RHB Javier Vázquez 0-0: Ball
1-0: Ball
2-0: Ball
3-0: Called Strike
3-1: Ground out 2-3 (Groundball, 2R, EV 70.0 MPH)
Batting: RHB Alejandro Blasco 0-0: Ball
1-0: Ball
2-0: Called Strike
2-1: Swinging Strike
2-2: SINGLE (Line Drive, 3D, EV 108.1 MPH)
Batting: RHB William Morgan 0-0: Ball
1-0: Called Strike
1-1: Called Strike
1-2: Fly out, F8 (Flyball, 89D, EV 86.9 MPH)
Top of the 9th over - 0 runs, 1 hit, 0 errors, 1 left on base; Minnesota 0 - Atlantic City 6
Friday, April 17th, 2020 - OOTP Baseball 20.8 Build 74